 Dungeon Crawl Stone Soup version 0.19.5 (webtiles) character file.

94 Kosschaser the Sneak (level 4, -2/23 HPs)
             Began as a Vine Stalker Assassin on Mar 2, 2017.
             Killed from afar by an orc wizard (9 damage)
             ... with a puff of frost
             ... on level 3 of the Dungeon.
             The game lasted 00:06:33 (1833 turns).

Kosschaser the Sneak (Vine Stalker Assassin)        Turns: 1833, Time: 00:06:33

Health: -2/23      AC:  3    Str: 13    XL:     4   Next: 63%
Magic:  0/5        EV: 12    Int: 11    God:
Gold:   95         SH:  0    Dex: 17    Spells: 0 memorised, 3 levels left

rFire  . . .     SeeInvis .     s - +1 short sword (venom)
rCold  . . .     Gourm    .     c - +0 robe
rNeg   . . .     Faith    .     (no shield)
rPois  .         Spirit   +     (no helmet)
rElec  .         Reflect  .     d - +0 cloak
rCorr  .         Harm     .     (no gloves)
MR     .....                    (no boots)
Stlth  +++.......               (no amulet)
                                (no ring)
                                (no ring)

@: no status effects
A: fangs 2, regeneration 1, magic shield, antimagic bite, no device heal 3, rot
immunity
a: no special abilities


You were on level 3 of the Dungeon.
You were not hungry.

You visited 1 branch of the dungeon, and saw 3 of its levels.

You collected 95 gold pieces.

Inventory:

Hand Weapons
 a - a +2 dagger
 b - a +0 blowgun
 s - a +1 short sword of venom (weapon)
Missiles
 e - 23 poisoned needles
 f - 2 curare-tipped needles
Armour
 c - a +0 robe (worn)
 d - a +0 cloak (worn)
Jewellery
 l - an uncursed amulet of rage
Scrolls
 h - 2 scrolls of recharging {unknown}
 j - 2 scrolls of immolation {unknown}
 m - 3 scrolls of teleportation {unknown}
 n - 4 scrolls of identify {unknown}
Potions
 k - a potion of cancellation {unknown}
 o - a potion of mutation {unknown}
 p - a potion of curing {unknown}
Comestibles
 g - a bread ration
 i - a beef jerky
 q - a meat ration


   Skills:
 + Level 2.2 Fighting
 + Level 2.3 Short Blades
 + Level 2.0 Throwing
 + Level 1.0 Dodging
 * Level 6.4 Stealth


You had 3 spell levels left.
You didn't know any spells.

Dungeon Overview and Level Annotations

Branches:
Dungeon (3/15)

Altars:
Qazlal

Annotations:
D:3 Sigmund


Innate Abilities, Weirdness & Mutations

You have extremely sharp teeth.
Your natural rate of healing is unusually fast.
When hurt, damage is shared between your health and your magic reserves.
Your bite disrupts and absorbs the magic of your enemies.
Potions and wands cannot restore your health.
You are immune to rotting.


Message History

You hit the orc.
You kill the orc!
The goblin wields a hunting sling.
The goblin shoots a stone.
The stone misses you.
The orc wizard gestures at you while chanting.
The puff of flame misses you.
The goblin unwields an uncursed hunting sling.
The goblin hits you.
Things that are here:
a club x2; a chain mail You closely miss the goblin.
The orc wizard hits you with a dagger. The goblin barely misses you.
You hit the orc wizard.
The orc wizard is poisoned.
The orc wizard is lightly wounded.
The orc wizard casts a spell at you. The puff of flame hits you!
The goblin hits you.
* * * LOW HITPOINT WARNING * * *
The orc wizard casts a spell at you. The puff of frost hits you!
You die...

#.#..... #.#....# #.#....
####### #.#.### #......
######.#.# #......
#....#...# #......
#.##.##..#
#.....o#######.##.##[.####
......go.@...(.##.##......
#################.##.##.##
#.##.# .# #...(# # #..###
##.# #.# #.# #.o


You could see an orc wizard, an orc and a goblin.

Vanquished Creatures
  An orc wizard (D:3)
  An adder (D:2)
  A dart slug (D:1)
  A leopard gecko (D:2)
  8 orcs (D:3)
  A ball python (D:2)
  4 giant cockroaches
  6 goblins
  3 hobgoblins
  8 bats
  5 frilled lizards
  8 kobolds
  3 rats (D:2)
50 creatures vanquished.

Notes
Turn   | Place    | Note
-------+----------+-------------------------------------------
     0 | D:1      | Kosschaser the Vine Stalker Assassin began the quest for the Orb.
     0 | D:1      | Reached XP level 1. HP: 11/11 MP: 2/2
    21 | D:1      | Reached skill level 5 in Stealth
    42 | D:1      | Reached XP level 2. HP: 12/15 MP: 3/3
   648 | D:2      | Reached XP level 3. HP: 18/18 MP: 4/4
   748 | D:2      | Found a stormy altar of Qazlal.
  1609 | D:3      | Reached skill level 1 in Dodging
  1609 | D:3      | Reached skill level 6 in Stealth
  1609 | D:3      | Gained mutation: Your natural rate of healing is unusually fast. [Vine Stalker growth]
  1609 | D:3      | Reached XP level 4. HP: 6/23 MP: 2/5
  1768 | D:3      | Noticed Sigmund
  1833 | D:3      | Killed from afar by an orc wizard

Skill      XL: |  1  2  3 |
---------------+----------+-----
Stealth        | 5 6 |  6.4
Fighting       | 2 |  2.2
Throwing       | 2 |  2.0
Short Blades   | 2 |  2.3
Dodging        | 1 |  1.0

Action                   |  1- 3 |  4- 6 || total
-------------------------+-------+-------++-------
Melee: Dagger            |    94 |     6 ||   100
       Bite              |    19 |     7 ||    26
       Short sword       |       |    18 ||    18
 Fire: Blowgun           |    10 |       ||    10
 Stab: Sleeping          |     8 |       ||     8
       Distracted        |     1 |       ||     1
  Eat: Chunk             |     2 |     1 ||     3
Armor: Robe              |    20 |     6 ||    26
Dodge: Dodged            |    38 |    14 ||    52
